 Dungeon Crawl Stone Soup version 0.28-a0-97-g102d6777a4 (webtiles) character file.

Game seed: 4460339740385964863

221 Rennog the Skirmisher (level 5, -2/46 HPs)
             Began as a Demonspawn Berserker on Aug 10, 2021.
             Was a Believer of Trog.
             Slain by a killer bee (4 damage)
             ... on level 4 of the Dungeon.
             The game lasted 00:03:55 (2931 turns).

Rennog the Skirmisher (Demonspawn Berserker)        Turns: 2931, Time: 00:03:55

Health: -2/46      AC:  9    Str: 17 (19) XL:     5   Next: 65%
Magic:  5/5        EV:  7    Int:  6 (8)  God:    Trog [**....]
Gold:   68         SH:  0    Dex: 11 (12) Spells: 4/4 levels left

rFire   . . .      SeeInvis .   a - +0 falchion
rCold   . . .      Faith    .   (no shield)
rNeg    . . .      Spirit   .   h - +0 chain mail
rPois   .          Reflect  .   (no helmet)
rElec   .          Harm     .   p - +0 cloak
rCorr   .          Rampage  .   (no gloves)
Will    .....                   (no boots)
Stlth   ..........              (no amulet)
HPRegen 0.15/turn               (no ring)
MPRegen 0.09/turn               (no ring)

@: lethally poisoned (-2 -> -4), on berserk cooldown
A: demonic guardian 1, spiny 2
a: Renounce Religion, Berserk, Trog's Hand


You were on level 4 of the Dungeon.
You worshipped Trog.
Trog was pleased with you.
You visited 1 branch of the dungeon, and saw 4 of its levels.

You collected 68 gold pieces.

Inventory:

Hand Weapons
 a - a +0 falchion (weapon)
Armour
 b - a +0 animal skin
 c - a +0 ring mail
 h - a +0 chain mail (worn)
 p - a +0 cloak (worn)
Wands
 q - a wand of iceblast (7)
Scrolls
 e - 2 scrolls of identify {unknown}
 f - a scroll of magic mapping {unknown}
 g - a scroll of fear {unknown}
 j - a scroll of summoning {unknown}
 l - 2 scrolls of fog {unknown}
 o - a scroll of vulnerability {unknown}
Potions
 d - a potion of brilliance {unknown}
 i - a potion of curing {unknown}
 n - a potion of flight {unknown}


   Skills:
 + Level 6.2 Fighting
 - Level 2.7 Long Blades
 - Level 1.7 Armour
 - Level 1.7 Dodging
 + Level 1.2 Stealth


You had 4 spell levels left.
You didn't know any spells.
Your spell library was empty.

Dungeon Overview and Level Annotations

Branches:
Dungeon (4/15)
 Temple: D:4-7

Altars:
Ashenzari
Cheibriados
Yredelemnul
The Shining One

Annotations:
D:3 3 runed translucent doors, pokeman's ghost, amateur DEWz


Innate Abilities, Weirdness & Mutations

A weak demonic guardian rushes to your aid.
You are mostly covered in sharp spines.


Message History

You are no longer berserk.
You are exhausted.
You feel yourself slow down. The killer bee stings you.
The killer bee closely misses you.
You completely miss the killer bee.
The killer bee is lightly wounded.
You feel sick.
You are no longer poisoned.
The killer bee is struck by your spines.
The killer bee stings you but does no damage. x2
The killer bee is struck by your spines.
The killer bee stings you.
* * * LOW HITPOINT WARNING * * *
The killer bee stings you.
* * * LOW HITPOINT WARNING * * *
A demonic guardian appears!
You are poisoned.
The killer bee poisons you! The killer bee barely misses you.
It was a potion of degeneration.
There was something very wrong with that liquid.
You feel weakened.
You feel dopey.
You feel clumsy.
You feel sick.
The killer bee stings you but does no damage.
The killer bee is struck by your spines.
You kill the killer bee!
Trog accepts your kill.
Your ufetubus hits the worm. x2; The worm barely misses your ufetubus.
Your ufetubus barely misses the worm.
Your ufetubus hits the worm.
Your Fighting skill increases to level 6!
It was a potion of cancellation.
Your magical effects are unravelling.
You feel magically purged.
You feel yourself speed up.
You feel sick.
The killer bee is struck by your spines.
The killer bee stings you.
* * * LOW HITPOINT WARNING * * *
A demonic guardian appears!
Your ufetubus hits the worm. x2
The killer bee stings you.
You die...

#...(♣ ._..
#<...♣...
####....♣.♣♣♣.♣
...............
#######.♣♣♣♣♣♣♣
#y........
#y#....<.#
#y#......#
#@#....?.#
#5#......#
#5######## #w#
#.. ... ...
....


You could see a worm (ally target), 3 killer bees, a friendly white imp
(summoned) and a friendly ufetubus (summoned).

Vanquished Creatures
  2 killer bees (D:4)
  6 adders
  A dart slug (D:3)
  11 orcs (D:3)
  5 endoplasms
  A giant cockroach (D:2)
  6 goblins
  7 hobgoblins
  2 jackals (D:2)
  3 quokkas
  5 ball pythons
  3 bats
  2 frilled lizards
  6 kobolds
  3 rats
63 creatures vanquished.

Vanquished Creatures (others)
  3 fungi (D:3)
  4 plants
7 creatures vanquished.

Grand Total: 70 creatures vanquished

Notes
Turn   | Place    | Note
-------+----------+-------------------------------------------
     0 | D:1      | Rennog the Demonspawn Berserker began the quest for the
                  | Orb.
     0 | D:1      | Reached XP level 1. HP: 18/18 MP: 1/1
   202 | D:1      | You fall into a shaft and drop 1 floor!
   285 | D:2      | Gained mutation: You are partially covered in sharp spines.
                  | [demonic ancestry]
   285 | D:2      | Reached XP level 2. HP: 11/24 MP: 2/2
  1304 | D:2      | Reached skill level 4 in Fighting
  1452 | D:2      | Reached ** piety under Trog
  1453 | D:2      | Gained mutation: You are mostly covered in sharp spines.
                  | [demonic ancestry]
  1453 | D:2      | Reached XP level 3. HP: 30/30 MP: 3/3
  1974 | D:3      | Gained mutation: A weak demonic guardian rushes to your
                  | aid. [demonic ancestry]
  1974 | D:3      | Reached XP level 4. HP: 38/38 MP: 4/4
  2131 | D:3      | Found a broken altar of Ashenzari.
  2146 | D:3      | Reached skill level 5 in Fighting
  2226 | D:3      | Found a basalt altar of Yredelemnul.
  2379 | D:3      | Found a runed translucent gate.
  2379 | D:3      | Found a runed translucent gate.
  2381 | D:3      | Found a runed translucent gate.
  2382 | D:3      | Noticed a kobold brigand
  2384 | D:3      | Noticed pokeman's ghost (amateur DEWz)
  2915 | D:4      | Found a snail-covered altar of Cheibriados.
  2925 | D:4      | Reached skill level 1 in Stealth
  2925 | D:4      | Reached XP level 5. HP: 31/46 MP: 5/5
  2931 | D:4      | Reached skill level 6 in Fighting
  2931 | D:4      | HP: 2/46 [killer bee (3)]
  2931 | D:4      | Slain by a killer bee

Illustrated notes

Levels and vault maps discovered:
D:1:      beargit_arrival_diablo_church, layout_loops_ring, st_stairs_4
D:2:      layout_basic, serial_forest, infiniplex_forest_clump_large,
          infiniplex_forest_zigzag_1, infiniplex_forest_clump_cross,
          infiniplex_forest_end_2, infiniplex_forest_lined_2,
          infiniplex_forest_clump_small, infiniplex_forest_lined_room_,
          infiniplex_forest_end_3, st_stairs_1
D:3:      layout_loops_ring, tso_oasis_becter, mainiacjoe_overflow_chevrons,
          nicolae_ashenzari_skybound, gammafunk_ghost_nasty_kobolds
D:4:      layout_basic, jmf_multi_god_temple2,
          mainiacjoe_overflow_cross_hatched, portal_sewer_entry_b

Skill      XL: |  1  2  3  4  5 |
---------------+----------------+-----
Fighting       | 4 5 6 |  6.2
Stealth        | 1 |  1.2
Long Blades    | |  2.7
Armour         | |  1.7
Dodging        | |  1.7

Action                   |  1- 3 |  4- 6 || total
-------------------------+-------+-------++-------
Melee: Falchion          |    68 |    45 ||   113
Invok: Berserk           |     3 |     2 ||     5
  Use: Potion            |       |     2 ||     2
 Stab: Distracted        |       |     1 ||     1
Armor: Animal skin       |     2 |       ||     2
       Chain mail        |    21 |    19 ||    40
       Ring mail         |     4 |       ||     4
Dodge: Dodged            |    44 |    15 ||    59
       Rpst.: Falchion   |    12 |     4 ||    16

Table legend: (Time is in decaauts)
 A = Elapsed time spent in this place.
 B = Non-inter-level travel time spent in this place.
 C = Inter-level travel time spent in this place.
 D = Time resting spent in this place.
 E = Time spent auto-exploring this place.
 F = Levels seen in this place.
 G = Mean time per level.
                   A        B        C        D        E       F      G
               +--------+--------+--------+--------+--------+-----+--------+
         Total |   2974 |   2860 |    114 |      0 |   2509 |   4 |  743.5 |
       Dungeon |   2974 |   2860 |    114 |      0 |   2509 |   4 |  743.5 |
               +--------+--------+--------+--------+--------+-----+--------+

Top non-repeatable levels by time:
     D:2: 1146 daAuts
     D:3: 968 daAuts
     D:1: 838 daAuts
     D:4: 21 daAuts
